 Dungeon Crawl Stone Soup version 0.19.1-1-g22dce08 (webtiles) character file.

284 M4edhros the Sneak (level 6, -2/58 HPs)
             Began as an Octopode Hunter on Dec 31, 2016.
             Killed from afar by Eustachio (12 damage)
             ... with a wand of flame
             ... on level 4 of the Dungeon.
             The game lasted 00:03:57 (3095 turns).

M4edhros the Sneak (Octopode Hunter)                Turns: 3095, Time: 00:03:57

Health: -2/58      AC: 23    Str: 11 (12) XL:     6   Next: 29%
Magic:  6/6        EV:  2    Int: 13 (15) God:
Gold:   159        SH:  0    Dex: 12 (14) Spells: 0 memorised, 5 levels left

rFire  . . .     SeeInvis +     (no weapon)
rCold  + . .     Gourm    .     (no shield)
rNeg   + + +     Faith    .     (helmet currently unavailable)
rPois  +         Spirit   .     (no amulet)
rElec  .         Reflect  .     x - ring of see invisible
rCorr  .         Harm     .     i - ring of protection from cold
MR     .....     Clarity  +     (no ring)
Stlth  ++++...... NoTele   +    (no ring)
                                (no ring)
                                (no ring)
                                (no ring)
                                (no ring)

@: tree-form
A: almost no armour, stealthy swim, (amphibious), 8 rings, (constrict 8),
(camouflage 0), clarity, clever 1, (gelatinous body 0), MP-powered wands
a: no special abilities


You were on level 4 of the Dungeon.
You were near starving.
You were a tree.
You visited 1 branch of the dungeon, and saw 4 of its levels.

You collected 159 gold pieces.

Inventory:

Hand Weapons
 a - a +1 hunting sling
 j - a +0 short sword
Missiles
 f - 131 stones (quivered)
 n - 3 curare-tipped needles
Armour
 o - a +0 buckler
Jewellery
 i - a ring of protection from cold (right branch)
 x - a ring of see invisible (left branch)
Scrolls
 b - 3 scrolls of immolation {unknown}
 h - 4 scrolls of identify {unknown}
 k - a scroll of enchant armour {unknown}
 l - 3 scrolls of teleportation {unknown}
 m - 5 scrolls of remove curse {unknown}
 p - 2 scrolls of enchant weapon {unknown}
 r - a scroll of fear {unknown}
Potions
 e - 2 potions of lignification
 g - a potion of curing
Comestibles
 d - 2 bread rations
 s - a slice of pizza


   Skills:
 - Level 2.0 Fighting
 + Level 4.9 Slings
 - Level 2.0 Dodging
 + Level 7.8 Stealth


You had 5 spell levels left.
You didn't know any spells.

Dungeon Overview and Level Annotations

Branches:
Dungeon (3/15)

Altars:
Dithmenos
Elyvilon
Fedhas
Kikubaaqudgha
Qazlal
Ru
Uskayaw
Yredelemnul

Annotations:
D:4 Eustachio


Innate Abilities, Weirdness & Mutations

You cannot wear most types of armour.
You are very stealthy in the water. (Stealth+)
((You are amphibious.))
You can wear up to eight rings at the same time.
((You can use your tentacles to constrict eight enemies at once.))
((Your skin changes colour to match your surroundings (Stealth+).))
((Your rubbery body absorbs attacks. (AC +1, EV +1)))
You possess an exceptional clarity of mind.
Your mind is acute. (Int +2)
You expend magic power (3 MP) to strengthen your wands.


Message History

The crimson imp blinks!
You swing at nothing.
The crimson imp grins evilly.
The crimson imp hits you but does no damage.
You barely miss Eustachio.
Eustachio zaps a wand.
The puff of flame hits you!
* * * LOW HITPOINT WARNING * * *
The crimson imp hits you but does no damage.
You smack Eustachio!
Eustachio is moderately wounded.
Eustachio zaps a wand.
The puff of flame hits you!
* * * LOW HITPOINT WARNING * * *
The crimson imp hits you but does no damage.
You barely miss Eustachio.
Eustachio is moderately wounded.
Eustachio hits you but does no damage.
The crimson imp hits you but does no damage.
You hit Eustachio.
Eustachio is moderately wounded.
Eustachio zaps a wand.
The puff of flame hits you!
You die...

#.#####.#
######.#####.#
#.........##.#
...####.##.##.#
#.##.##.#
#.......#
####..### ##@#
#♣# #5# ..##.#
#(# ..#...# #.#
.......###.#
........##.#
.........#.#
.........#(#
....(....#.#


You could see Eustachio and a crimson imp.

Vanquished Creatures
  An ogre (D:3)
  7 adders
  4 gnolls (D:2)
  An ooze (D:2)
  4 worms
  3 dart slugs (D:2)
  4 leopard geckos
  A bat zombie (D:2)
  7 giant cockroaches
  8 goblins
  5 hobgoblins
  4 jackals
  3 quokkas
  3 bats
  3 frilled lizards (D:2)
  9 kobolds
  11 rats
  2 rat zombies (D:2)
80 creatures vanquished.

Notes
Turn   | Place    | Note
-------+----------+-------------------------------------------
     0 | D:1      | M4edhros the Octopode Hunter began the quest for the Orb.
     0 | D:1      | Reached XP level 1. HP: 14/14 MP: 1/1
   163 | D:1      | Reached skill level 2 in Stealth
   405 | D:1      | Reached XP level 2. HP: 15/19 MP: 2/2
   411 | D:1      | Reached skill level 3 in Stealth
   800 | D:2      | Reached skill level 4 in Stealth
   805 | D:2      | Reached XP level 3. HP: 24/24 MP: 3/3
   872 | D:2      | Reached skill level 5 in Stealth
  1173 | D:2      | Reached XP level 4. HP: 29/29 MP: 4/4
  1182 | D:2      | Found an ancient bone altar of Kikubaaqudgha.
  1264 | D:2      | Found a shadowy altar of Dithmenos.
  1641 | D:2      | Reached skill level 6 in Stealth
  1863 | D:2      | Reached XP level 5. HP: 29/34 MP: 5/5
  2109 | D:2      | Found a faded altar of an unknown god.
  2109 | D:2      | Found a faded altar of an unknown god.
  2114 | D:2      | Found a faded altar of an unknown god.
  2118 | D:2      | Found a faded altar of an unknown god.
  2120 | D:2      | Found a sacrificial altar of Ru.
  2195 | D:2      | Reached skill level 7 in Stealth
  2320 | D:3      | Found a hide-covered altar of Uskayaw.
  2323 | D:3      | Found a white marble altar of Elyvilon.
  2325 | D:3      | Found a basalt altar of Yredelemnul.
  2457 | D:3      | Noticed an ogre
  2465 | D:3      | Killed an ogre
  2465 | D:3      | Reached XP level 6. HP: 39/39 MP: 6/6
  2466 | D:3      | Found a stormy altar of Qazlal.
  2480 | D:3      | Found a blossoming altar of Fedhas.
  2675 | D:3      | Found a shadowy altar of Dithmenos.
  2954 | D:3      | You fall through a shaft!
  2990 | D:4      | Noticed Eustachio
  3072 | D:4      | Gained mutation: You expend magic power (3 MP) to strengthen your wands. [potion of mutation]
  3072 | D:4      | Gained mutation: Your mind is acute. (Int +2) [potion of mutation]
  3072 | D:4      | Gained mutation: You possess an exceptional clarity of mind. [potion of mutation]
  3095 | D:4      | Killed from afar by Eustachio

Skill      XL: |  1  2  3  4  5 |
---------------+----------------+-----
Stealth        | 2 4 5 6 7 |  7.8
Fighting       | |  2.0
Slings         | |  4.9
Dodging        | |  2.0

Action                   |  1- 3 |  4- 6 || total
-------------------------+-------+-------++-------
Melee: Short sword       |    59 |    42 ||   101
       Constrict         |    14 |    10 ||    24
       Tentacles         |     7 |     7 ||    14
       Unarmed           |       |    22 ||    22
 Fire: Hunting sling     |       |   161 ||   161
  Use: Potion            |       |    10 ||    10
 Stab: Sleeping          |     9 |     3 ||    12
  Eat: Chunk             |     1 |       ||     1
       Bread ration      |       |     1 ||     1
Armor: Skin              |     6 |   101 ||   107
Dodge: Dodged            |    48 |    58 ||   106
